PAAA
ALLOWAY HALBERDS @ PHOENIX HOTSPUR RESERVES
08/04/2017
 
TOP OF THE 1ST
Bay City Bombers batting - Pitching for Alaskan Humpbacks : RHP Jim Unknown
Pitching: RHP Jim Unknown
Batting: RHB Jim Unknown 0-0: Ball
1-0: Called Strike
1-1: Foul Ball, location: 2F
1-2: Ground out 5-3 (Groundball, 5L)
Batting: LHB Neil Lawson 0-0: Called Strike
0-1: Foul Ball, location: 2F
0-2: Strikes out swinging
Batting: LHB Mito Rin 0-0: Ball
1-0: Called Strike
1-1: Foul Ball, location: 2F
1-2: SINGLE (Groundball, 4MD)
Batting: RHB Jim Unknown 0-0: Called Strike
0-1: Ball
1-1: Ball
2-1: Foul Ball, location: 2F
2-2: SINGLE (Groundball, 34)
Mito Rin to second
Runner from 2nd tries for 3rd, SAFE, no throw or cutoff
Batting: RHB Jim Unknown 0-0: SINGLE (Groundball, 56)
Mito Rin scores
Jim Unknown to second
Batting: RHB Jim Unknown 0-0: Ball
1-0: Called Strike
1-1: Called Strike
1-2: Ball
2-2: Strikes out looking
Top of the 1st over - 1 run(s), 3 hit(s), 0 error(s), 2 left on base; Bay City 1 - Alaskan 0
BOTTOM OF THE 1ST
Alaskan Humpbacks batting - Pitching for Bay City Bombers : RHP Jim Unknown
Pitching: RHP Jim Unknown
Batting: RHB Steve Camp 0-0: Ball
1-0: SINGLE (Line Drive, 8LS)
Batting: RHB Jim Unknown 0-0: Called Strike
0-1: Ball
1-1: Swinging Strike
1-2: Ball
2-2: Foul Ball, location: 2F
2-2: Foul Ball, location: 2F
2-2: DOUBLE (Flyball, 9M)
Steve Camp to third
Batting: RHB Jim Unknown 0-0: Foul Ball, location: 2F
0-1: Ball
1-1: Ball
2-1: Ball
3-1: Base on Balls
Batting: RHB Jim Unknown 0-0: Foul Ball, location: 2F
0-1: SINGLE (Groundball, 4MD)
Steve Camp scores
Jim Unknown to third
Jim Unknown to second
Batting: RHB Jim Unknown 0-0: Ball
1-0: Ball
2-0: Ball
3-0: Called Strike
3-1: Swinging Strike
3-2: Base on Balls
Jim Unknown scores
Jim Unknown to third
Jim Unknown to second
Batting: RHB Jim Unknown 0-0: Called Strike
0-1: Called Strike
0-2: Strikes out swinging
Batting: LHB Jim Unknown 0-0: Ball
1-0: Called Strike
1-1: DOUBLE (Line Drive, 8RM)
Jim Unknown scores
Jim Unknown scores
Jim Unknown to third
Batting: RHB Jim Unknown 0-0: Ball
1-0: Swinging Strike
1-1: Foul Ball, location: 2F
1-2: Ball
2-2: Foul Ball, location: 2F
2-2: Ball
3-2: Fly out, F6 (Popup, 4M)
Batting: RHB Jim Unknown 0-0: Ball
1-0: Foul Ball, location: 2F
1-1: Called Strike
1-2: Strikes out looking
Bottom of the 1st over - 4 run(s), 4 hit(s), 0 error(s), 2 left on base; Bay City 1 - Alaskan 4
TOP OF THE 2ND
Bay City Bombers batting - Pitching for Alaskan Humpbacks : RHP Jim Unknown
Batting: RHB Jim Unknown 0-0: SOLO HOME RUN (Flyball, 7LD), Distance : 360 ft
Batting: LHB Guy Riley 0-0: Fly out, F8 (Flyball, 8RS)
Batting: RHB Jim Unknown 0-0: Ball
1-0: Ball
2-0: Ball
3-0: Called Strike
3-1: Foul Ball, location: 2F
3-2: SOLO HOME RUN (Flyball, 89XD), Distance : 411 ft
Batting: RHB Jim Unknown 0-0: Ball
1-0: Called Strike
1-1: Called Strike
1-2: Foul Ball, location: 2F
1-2: Strikes out swinging
Batting: LHB Neil Lawson 0-0: Ball
1-0: Ball
2-0: Foul Ball, location: 2F
2-1: Ball
3-1: Foul Ball, location: 2F
3-2: Foul Ball, location: 2F
3-2: Fly out, F9 (Line Drive, 9M)
Top of the 2nd over - 2 run(s), 2 hit(s), 0 error(s), 0 left on base; Bay City 3 - Alaskan 4
BOTTOM OF THE 2ND
Alaskan Humpbacks batting - Pitching for Bay City Bombers : RHP Jim Unknown
Batting: RHB Steve Camp 0-0: DOUBLE (Line Drive, 78M)
Batting: RHB Jim Unknown 0-0: SINGLE (Line Drive, 3)
Steve Camp to third
Batting: RHB Jim Unknown 0-0: Ball
1-0: Fly out, F2 (Popup, 15S)
Batting: RHB Jim Unknown 0-0: DOUBLE (Line Drive, 34D)
Steve Camp scores
Jim Unknown to third
Pitching: RHP Milton Anderson
Batting: RHB Jim Unknown 0-0: Called Strike
0-1: Ball
1-1: Foul Ball, location: 2F
1-2: Ball
2-2: Ball
3-2: Fly out, F9 (Line Drive, 9LS)
Runner from 3rd tags up, SCORES, no throw
Batting: RHB Jim Unknown 0-0: Ball
1-0: Called Strike
1-1: Foul Ball, location: 2F
1-2: Ball
2-2: Ground out 6-3 (Groundball, 6)
Bottom of the 2nd over - 2 run(s), 3 hit(s), 0 error(s), 1 left on base; Bay City 3 - Alaskan 6
TOP OF THE 3RD
Bay City Bombers batting - Pitching for Alaskan Humpbacks : RHP Jim Unknown
Batting: LHB Mito Rin 0-0: Ball
1-0: Ball
2-0: Foul Ball, location: 2F
2-1: Swinging Strike
2-2: Fly out, F9 (Flyball, 9M)
Batting: RHB Jim Unknown 0-0: Ball
1-0: Ball
2-0: Foul Ball, location: 2F
2-1: Fly out, F9 (Flyball, 89D)
Batting: RHB Jim Unknown 0-0: Ground out 5-3 (Groundball, 5)
Top of the 3rd over - 0 run(s), 0 hit(s), 0 error(s), 0 left on base; Bay City 3 - Alaskan 6
BOTTOM OF THE 3RD
Alaskan Humpbacks batting - Pitching for Bay City Bombers : RHP Milton Anderson
Batting: LHB Jim Unknown 0-0: Fly out, F9 (Flyball, 89S)
Batting: RHB Jim Unknown 0-0: Ball
1-0: Called Strike
1-1: Foul Ball, location: 2F
1-2: Ball
2-2: Ball
3-2: Foul Ball, location: 2F
3-2: Strikes out looking
Batting: RHB Jim Unknown 0-0: Called Strike
0-1: Ball
1-1: Ground out 5-3 (Groundball, 5S)
Bottom of the 3rd over - 0 run(s), 0 hit(s), 0 error(s), 0 left on base; Bay City 3 - Alaskan 6
TOP OF THE 4TH
Bay City Bombers batting - Pitching for Alaskan Humpbacks : RHP Jim Unknown
Batting: RHB Jim Unknown 0-0: Ball
1-0: Called Strike
1-1: Foul Ball, location: 2F
1-2: Foul Ball, location: 2F
1-2: Foul Ball, location: 2F
1-2: Ground out 6-3 (Groundball, 6)
Batting: RHB Jim Unknown 0-0: Called Strike
0-1: Swinging Strike
0-2: Strikes out swinging
Batting: LHB Guy Riley 0-0: Called Strike
0-1: Ball
1-1: Ball
2-1: Foul Ball, location: 2F
2-2: Fly out, F9 (Flyball, 9S)
Top of the 4th over - 0 run(s), 0 hit(s), 0 error(s), 0 left on base; Bay City 3 - Alaskan 6
BOTTOM OF THE 4TH
Alaskan Humpbacks batting - Pitching for Bay City Bombers : RHP Milton Anderson
Batting: RHB Steve Camp 0-0: Called Strike
0-1: Swinging Strike
0-2: Ground out 5-3 (Groundball, 56)
Batting: RHB Jim Unknown 0-0: Ball
1-0: Fly out, F6 (Popup, 56D)
Batting: RHB Jim Unknown 0-0: Ball
1-0: Swinging Strike
1-1: Ball
2-1: Foul Ball, location: 2F
2-2: DOUBLE (Line Drive, 7LS)
Batting: RHB Jim Unknown 0-0: Ball
1-0: Foul Ball, location: 2F
1-1: Called Strike
1-2: Foul Ball, location: 2F
1-2: Foul Ball, location: 2F
1-2: Ball
2-2: Foul Ball, location: 2F
2-2: Strikes out swinging
Bottom of the 4th over - 0 run(s), 1 hit(s), 0 error(s), 1 left on base; Bay City 3 - Alaskan 6
TOP OF THE 5TH
Bay City Bombers batting - Pitching for Alaskan Humpbacks : RHP Jim Unknown
Batting: RHB Jim Unknown 0-0: Ball
1-0: Fly out, F8 (Flyball, 8LS)
Batting: RHB Jim Unknown 0-0: Ball
1-0: Ground out 4-3 (Groundball, 4M)
Batting: LHB Neil Lawson 0-0: Ground out 1-3 (Groundball, 3S)
Top of the 5th over - 0 run(s), 0 hit(s), 0 error(s), 0 left on base; Bay City 3 - Alaskan 6
BOTTOM OF THE 5TH
Alaskan Humpbacks batting - Pitching for Bay City Bombers : RHP Milton Anderson
Batting: RHB Jim Unknown 0-0: Ball
1-0: Fly out, F9 (Line Drive, 9S)
Batting: RHB Jim Unknown 0-0: Foul Ball, location: 2F
0-1: Ball
1-1: Ball
2-1: Called Strike
2-2: Foul Ball, location: 2F
2-2: Fly out, F8 (Line Drive, 8LS)
Pitching: RHP Michael McGinnity
Batting: LHB Jim Unknown 0-0: Ball
1-0: Fly out, F7 (Flyball, 7M)
Bottom of the 5th over - 0 run(s), 0 hit(s), 0 error(s), 0 left on base; Bay City 3 - Alaskan 6
TOP OF THE 6TH
Bay City Bombers batting - Pitching for Alaskan Humpbacks : RHP Jim Unknown
Batting: LHB Mito Rin 0-0: Ball
1-0: Called Strike
1-1: Ball
2-1: Foul Ball, location: 2F
2-2: Strikes out swinging
Batting: RHB Jim Unknown 0-0: Ball
1-0: Ball
2-0: Foul Ball, location: 2F
2-1: Ball
3-1: Foul Ball, location: 2F
3-2: Fly out, F8 (Flyball, 78XD)
Batting: RHB Jim Unknown 0-0: Ball
1-0: SINGLE (Line Drive, 4D)
Batting: RHB Jim Unknown 0-0: Swinging Strike
0-1: Called Strike
0-2: Foul Ball, location: 2F
0-2: Ball
1-2: Foul Ball, location: 2F
1-2: Strikes out swinging
Top of the 6th over - 0 run(s), 1 hit(s), 0 error(s), 1 left on base; Bay City 3 - Alaskan 6
BOTTOM OF THE 6TH
Alaskan Humpbacks batting - Pitching for Bay City Bombers : RHP Michael McGinnity
Batting: RHB Jim Unknown 0-0: DOUBLE (Flyball, 7D)
Batting: RHB Jim Unknown 0-0: Intentional Walk
Batting: RHB Steve Camp 0-0: Sac Bunt - play at first, batter safe!
Jim Unknown to third
Jim Unknown to second
Batting: RHB Jim Unknown 0-0: Called Strike
0-1: Foul Ball, location: 2F
0-2: Fly out, F9 (Flyball, 9M)
Runner from 3rd tags up, SCORES, throw made
Batting: RHB Jim Unknown 0-0: Ball
1-0: Ball
2-0: Foul Ball, location: 2F
2-1: Ball
3-1: Foul Ball, location: 2F
3-2: Strikes out swinging
Batting: RHB Jim Unknown 0-0: Ball
1-0: Foul Ball, location: 2F
1-1: Ball
2-1: Ball
3-1: Fly out, F3 (Popup, 23F)
Bottom of the 6th over - 1 run(s), 2 hit(s), 0 error(s), 2 left on base; Bay City 3 - Alaskan 7
TOP OF THE 7TH
Bay City Bombers batting - Pitching for Alaskan Humpbacks : RHP Jim Unknown
Batting: RHB Jim Unknown 0-0: Called Strike
0-1: Swinging Strike
0-2: Strikes out swinging
Batting: LHB Guy Riley 0-0: Swinging Strike
0-1: SINGLE (Popup, 8LS)
Batting: RHB Jim Unknown 0-0: Ball
1-0: Called Strike
1-1: Ball
2-1: DOUBLE (Line Drive, 9LS)
Guy Riley to third
Batting: RHB Jim Unknown 0-0: Called Strike
0-1: Foul Ball, location: 2F
0-2: Ball
1-2: Strikes out swinging
Batting: LHB Neil Lawson 0-0: Called Strike
0-1: Called Strike
0-2: Strikes out swinging
Top of the 7th over - 0 run(s), 2 hit(s), 0 error(s), 2 left on base; Bay City 3 - Alaskan 7
BOTTOM OF THE 7TH
Alaskan Humpbacks batting - Pitching for Bay City Bombers : RHP Michael McGinnity
Batting: RHB Jim Unknown 0-0: Foul Ball, location: 2F
0-1: Ball
1-1: Fly out, F9 (Line Drive, 89S)
Batting: RHB Jim Unknown 0-0: Ball
1-0: Called Strike
1-1: Ball
2-1: Foul Ball, location: 2F
2-2: Ball
3-2: Base on Balls
Batting: LHB Jim Unknown 0-0: Ball
1-0: Ball
2-0: Called Strike
2-1: Foul Ball, location: 2F
2-2: Foul Ball, location: 2F
2-2: Strikes out swinging
Batting: RHB Jim Unknown 0-0: Ball
1-0: Called Strike
1-1: Ball
Wild Pitch!
Jim Unknown to second
2-1: Ball
3-1: SINGLE (Groundball, 56D)
Jim Unknown to third
Runner from 3rd tries for Home, SAFE, no throw or cutoff
Pitching: RHP Hollis Young
Batting: RHB Jim Unknown 0-0: Called Strike
0-1: Called Strike
0-2: Ball
1-2: Ball
2-2: Ball
3-2: Ground out 6-3 (Groundball, 56)
Bottom of the 7th over - 1 run(s), 1 hit(s), 0 error(s), 1 left on base; Bay City 3 - Alaskan 8
TOP OF THE 8TH
Bay City Bombers batting - Pitching for Alaskan Humpbacks : RHP Jim Unknown
Batting: LHB Mito Rin 0-0: Foul Ball, location: 2F
0-1: Foul Ball, location: 2F
0-2: Ball
1-2: Foul Ball, location: 2F
1-2: Strikes out looking
Batting: RHB Jim Unknown 0-0: Called Strike
0-1: Swinging Strike
0-2: Ball
1-2: Ball
2-2: Ground out 1-3 (Groundball, 13S)
Batting: RHB Jim Unknown 0-0: Called Strike
0-1: Called Strike
0-2: Ball
1-2: Foul Ball, location: 2F
1-2: Foul Ball, location: 2F
1-2: Ball
2-2: Strikes out swinging
Top of the 8th over - 0 run(s), 0 hit(s), 0 error(s), 0 left on base; Bay City 3 - Alaskan 8
BOTTOM OF THE 8TH
Alaskan Humpbacks batting - Pitching for Bay City Bombers : RHP Hollis Young
Batting: RHB Steve Camp 0-0: SOLO HOME RUN (Flyball, 78XD), Distance : 421 ft
Batting: RHB Jim Unknown 0-0: Ball
1-0: Ball
2-0: Swinging Strike
2-1: Foul Ball, location: 2F
2-2: Foul Ball, location: 2F
2-2: SINGLE (Groundball, 56D)
Batting: RHB Jim Unknown 0-0: Ball
1-0: Ball
2-0: Called Strike
2-1: Ball
3-1: Base on Balls
Jim Unknown to second
Batting: RHB Jim Unknown 0-0: Called Strike
0-1: Ball
1-1: Grounds into double play, 1-6-3 (Groundball, 13)
Jim Unknown to third
Batting: RHB Jim Unknown 0-0: Swinging Strike
0-1: Fly out, F7 (Flyball, 7M)
Bottom of the 8th over - 1 run(s), 2 hit(s), 0 error(s), 1 left on base; Bay City 3 - Alaskan 9
TOP OF THE 9TH
Bay City Bombers batting - Pitching for Alaskan Humpbacks : RHP Jim Unknown
Pitching: RHP Jim Unknown
Batting: RHB Jim Unknown 0-0: Ball
1-0: Called Strike
1-1: Ball
2-1: Called Strike
2-2: Foul Ball, location: 2F
2-2: Foul Ball, location: 2F
2-2: Foul Ball, location: 2F
2-2: Foul Ball, location: 2F
2-2: Ball
3-2: Foul Ball, location: 2F
3-2: Foul Ball, location: 2F
3-2: Foul Ball, location: 2F
3-2: Foul Ball, location: 2F
3-2: Foul Ball, location: 2F
3-2: Foul Ball, location: 2F
3-2: SINGLE (Flyball, 8RS)
Batting: RHB Jim Unknown 0-0: Grounds into double play, 6-4-3 (Groundball, 6)
Batting: LHB Guy Riley 0-0: Ground out 5-3 (Groundball, 56)
Top of the 9th over - 0 run(s), 1 hit(s), 0 error(s), 0 left on base; Bay City 3 - Alaskan 9
This league is powered by Out of the Park Baseball, the baseball management simulation game for PC, Mac and Linux
Saturday, February 27th, 2021 - OOTP Baseball 15.6 Build 34